 Dungeon Crawl Stone Soup version 0.27-a0-34-gc18c9092ac (webtiles) character file.

Game seed: 13962726441673523991

23 tsouns the Chiller (level 2, -1/34 HPs)
             Began as a Draconian Ice Elementalist on Jan 4, 2021.
             Killed from afar by a white imp (12 damage)
             ... with a puff of frost
             ... on level 2 of the Dungeon.
             The game lasted 00:01:53 (1272 turns).

tsouns the Chiller (Draconian Ice Elementalist)     Turns: 1272, Time: 00:01:54

Health: -1/34      AC: 21    Str: 10    XL:     2   Next: 72%
Magic:  5/5        EV:  2    Int: 15    God:
Gold:   62         SH:  0    Dex: 11    Spells: 4/5 levels left

rFire    . . .     SeeInvis .   h - +0 halberd
rCold    . . .     Faith    .   (shield currently unavailable)
rNeg     + + +     Spirit   .   (armour unavailable)
rPois    +         Reflect  .   (helmet currently unavailable)
rElec    .         Harm     .   (cloak currently unavailable)
rCorr    .         Rampage  .   (gloves currently unavailable)
Will     .....     NoTele   +   (boots currently unavailable)
Stlth    ++........             (no amulet)
HPRegen  0.11/turn              (no ring)
MPRegen  0.09/turn              (no ring)

@: tree-form
A: unfitting armour, AC +4
a: no special abilities


You were on level 2 of the Dungeon.
You were a tree.
You visited 1 branch of the dungeon, and saw 2 of its levels.

You collected 62 gold pieces.

Inventory:

Hand Weapons
 h - a +0 halberd (weapon)
Missiles
 b - 36 poisoned darts (quivered)
Jewellery
 a - an uncursed amulet of reflection {unknown}
Wands
 i - a wand of disintegration (14)
Scrolls
 d - 5 scrolls of identify {unknown}
 e - a scroll of fear {unknown}
 f - a scroll of noise {unknown}
 g - a scroll of remove curse {unknown}


   Skills:
 + Level 1.1 Fighting
 - Level 1.7 Dodging
 - Level 1.7 Stealth
 + Level 2.3 Spellcasting
 * Level 4.4 Ice Magic


You had 4 spell levels left.
You knew the following spells:

 Your Spells              Type           Power        Failure   Level
a - Freeze                Ice            60%          3%          1

Your spell library contained the following spells:

 Spells                   Type           Power        Failure   Level
 Frozen Ramparts          Ice            30%          11%         3
 Ozocubu's Armour         Ice            15%          11%         3
 Hailstorm                Conj/Ice       8%           65%         4
 Summon Ice Beast         Ice/Summ       8%           65%         4


Dungeon Overview and Level Annotations

Branches:
Dungeon (2/15)

Altars:


Innate Abilities, Weirdness & Mutations

((Your plain brown scales are hard. (AC +4)))
You cannot fit into any form of body armour.
((You are cold-blooded and may be slowed by cold attacks.))


Message History

No target in view!
No target in view!
No target in view!
No target in view!
Things that are here:
a +0 club; 3 stones
Found 12 stones.
A worm comes into view.
A white imp comes into view.
Found a stone staircase leading down.
The white imp gestures at you. The puff of frost hits you!
Ouch! That really hurt!
The white imp gestures at you. The puff of frost hits you.
You are too injured to fight recklessly!
It was a potion of lignification.
You turn into a tree.
Your roots penetrate the ground.
The white imp gestures at you. The puff of frost hits you!
You die...

..# #.# #.#
#.################
#.##..(...........
#.##.#####..#####.
###.##.#####..# #.
#..♣......##..#####.
#5#.##.##........##.
#....#>#####........
#....w.# #..##.##.
......#.#
###........
#####.##..
........##.
#.########...####.
#.# ##.#####. ##+##
#....)..


You could see a worm (asleep) and a white imp.

Vanquished Creatures
  A gnoll (D:1)
  A worm (D:2)
  A giant cockroach (D:1)
  2 kobolds
  A quokka (D:2)
  2 bats (D:1)
  A frilled lizard (D:1)
  2 rats
11 creatures vanquished.

Notes
Turn   | Place    | Note
-------+----------+-------------------------------------------
     0 | D:1      | tsouns the Draconian Ice Elementalist began the quest for
                  | the Orb.
     0 | D:1      | Reached XP level 1. HP: 14/14 MP: 3/3
   363 | D:1      | Reached skill level 1 in Fighting
   363 | D:1      | Reached XP level 2. HP: 2/23 MP: 1/5
  1272 | D:2      | Killed from afar by a white imp

Illustrated notes

Levels and vault maps discovered:
D:1:      dpeg_arrival_pond, layout_loops_ring, kennysheep_pointless_box,
          dk_noncrumbling_2
D:2:      layout_loops_corners, uniq_terence

Skill      XL: |  1 |
---------------+----+-----
Fighting       | 1 |  1.1
Dodging        | |  1.7
Stealth        | |  1.7
Spellcasting   | |  2.3
Ice Magic      | |  4.4

Action                   || total
-------------------------++-------
Melee: Unarmed           ||     2
       Tailslap          ||     2
       Halberd           ||    12
 Cast: Freeze            ||     7
  Use: Potion            ||     1
 Stab: Sleeping          ||     2
Armor: Skin              ||     7
Dodge: Dodged            ||     6

Table legend: (Time is in decaauts)
 A = Elapsed time spent in this place.
 B = Non-inter-level travel time spent in this place.
 C = Inter-level travel time spent in this place.
 D = Time resting spent in this place.
 E = Time spent auto-exploring this place.
 F = Levels seen in this place.
 G = Mean time per level.
                   A        B        C        D        E       F      G
               +--------+--------+--------+--------+--------+-----+--------+
         Total |   1277 |   1238 |     39 |      2 |   1137 |   2 |  638.5 |
       Dungeon |   1277 |   1238 |     39 |      2 |   1137 |   2 |  638.5 |
               +--------+--------+--------+--------+--------+-----+--------+

Top non-repeatable levels by time:
     D:1: 1131 daAuts
     D:2: 145 daAuts
